 Dungeon Crawl Stone Soup version 0.20.1-1-g8b1a95d (webtiles) character file.

235 tidbits the Changer (level 5, -4/41 HPs)
             Began as a Demigod Transmuter on Aug 22, 2017.
             Slain by empire's ghost (6 damage)
             ... on level 4 of the Dungeon.
             The game lasted 00:05:29 (389 turns).

tidbits the Changer (Demigod Transmuter)             Turns: 389, Time: 00:05:29

Health: -4/41      AC:  3    Str: 12 (13) XL:     5   Next: 47%
Magic:  5/10       EV: 12    Int: 16 (19) God:
Gold:   120        SH:  0    Dex: 14 (16) Spells: 2/8 levels left

rFire    . . .     SeeInvis .   e - +1 short sword (freeze)
rCold    . . .     Gourm    .   (no shield)
rNeg     . . .     Faith    .   B - +0 robe
rPois    .         Spirit   .   (no helmet)
rElec    .         Reflect  .   (no cloak)
rCorr    .         Harm     .   G - +0 pair of gloves
MR       .....                  (no boots)
Stlth    +.........             (no amulet)
Regen    0.2/turn               (no ring)
MPRegen  0.2/turn               (no ring)

@: lethally poisoned (-4 -> -7)
A: high mp 1
a: no special abilities


You were on level 4 of the Dungeon.
You were not hungry.

You visited 1 branch of the dungeon, and saw 4 of its levels.

You collected 120 gold pieces.

Inventory:

Hand Weapons
 e - a +1 short sword of freezing (weapon)
   (You found it on level 1 of the Dungeon)
Armour
 B - a +0 robe (worn)
 G - a +0 pair of gloves (worn)
Scrolls
 b - a scroll of identify {unknown}
 g - a scroll of remove curse {unknown}
Books
 c - a book of Changes

   Spells                             Type                      Level
   a - Beastly Appendage              Transmutation                1
   b - Sticks to Snakes               Transmutation                2
   c - Spider Form                    Transmutation/Poison         3
   d - Ice Form                       Ice/Transmutation            4
   e - Blade Hands                    Transmutation                5
Comestibles
 d - a bread ration
 f - 2 royal jellies


   Skills:
 + Level 1.6 Fighting
 + Level 2.2 Dodging
 - Level 2.8 Unarmed Combat
 - Level 2.0 Spellcasting
 - Level 4.8 Transmutations


You had 2 spell levels left.
You knew the following spells:

 Your Spells              Type           Power        Failure   Level  Hunger
e - Beastly Appendage     Tmut           ###...       2%          1    #......
k - Sticks to Snakes      Tmut           ###.....     4%          2    ###....
p - Spider Form           Tmut/Pois      #.........   22%         3    ###....


Dungeon Overview and Level Annotations

Branches:
Dungeon (4/15)
 Temple: D:4-7

Annotations:
D:4 empire's ghost, amateur DsBe


Innate Abilities, Weirdness & Mutations

You have an increased reservoir of magic. (+10% MP)


Message History

Confirm with . or Enter, or press ? or * to list all spells.
You create a snake!
You now have 2 arrows.
Your transformation is almost over.
Your adder bites empire's ghost.
Empire's ghost barely misses your adder.
Your adder bites empire's ghost.
Your adder closely misses empire's ghost.
An orc comes into view.
Empire's ghost misses your adder.
Your adder barely misses empire's ghost.
Your adder bites empire's ghost.
What are your orders? t - Shout!
Orders for allies: a - Attack new target. r - Retreat! s - Stop attacking. g - Guard the area. f - Follow me.
Anything else - Cancel.
Gang up on whom?
Press: ? - help, Dir - move target cursor, f - empire's ghost
Aim: empire's ghost (almost destroyed) Attack!
Your adder bites empire's ghost but does no damage.
Your adder closely misses empire's ghost.
Your adder bites empire's ghost but does no damage.
Empire's ghost wails.
Empire's ghost hits your adder!
Your adder closely misses empire's ghost.
Your adder barely misses empire's ghost.
Your adder bites empire's ghost.
Empire's ghost misses your adder.
Your adder closely misses empire's ghost.
Your adder barely misses empire's ghost.
Your adder bites empire's ghost.
Empire's ghost hits your adder.
Your adder dies!
Your adder closely misses empire's ghost.
Your adder misses empire's ghost.
Your adder bites empire's ghost.
Your adder bites empire's ghost but does no damage.
Something hits your adder but does no damage.
An orc comes into view. It is wielding a hand axe.
Your adder closely misses empire's ghost.
The orc completely misses you.
Your horns disappear.
Something misses your adder. Empire's ghost hits your adder!
You hit the orc. You freeze the orc.
The orc is severely wounded.
Your adder barely misses empire's ghost.
Empire's ghost hits your adder!
Your adder dies!
The orc hits you.
* * * LOW HITPOINT WARNING * * *
You hit the orc but do no damage.
The orc is severely wounded.
The orc barely misses you.
Your adder withers and dies!
The orc hits you but does no damage.
An orc priest comes into view. It is wielding a flail of holy wrath.
The orc barely misses you. The orc completely misses you.
You aren't carrying any items that you can evoke.
Unknown command.
You aren't carrying any potions.
Unknown command.
You aren't carrying any potions.
Unknown command.
Found 10 gold pieces.
Casting: Sticks to Snakes
Confirm with . or Enter, or press ? or * to list all spells.
You create a snake!
You now have 1 arrow.
Empire's ghost misses you.
Your adder closely misses empire's ghost.
Found a golden potion.
Your adder completely misses the orc.
Your adder barely misses the orc.
You see here a golden potion.
It was a potion of degeneration.
There was something very wrong with that liquid.
You feel weakened.
You feel dopey.
You feel clumsy.
Your adder bites the orc.
Empire's ghost hits you but does no damage.
A worker ant comes into view.
The worker ant twitches its antennae in your direction.
Casting: Sticks to Snakes
Confirm with . or Enter, or press ? or * to list all spells.
You create a snake!
You now have no arrows remaining.
The worker ant misses you. The worker ant bites you.
* * * LOW HITPOINT WARNING * * *
You are poisoned.
The worker ant poisons you!
Found a bread ration.
You aren't carrying any potions.
Unknown command.
You feel sick.
Your adder closely misses empire's ghost.
You feel sick.
The orc hits your ball python but does no damage.
The worker ant bites you.
* * * LOW HITPOINT WARNING * * *
Empire's ghost hits you.
You die...

#### ##...##
##..%..## #...(...##
##........ .........
###.....##
...?...@.#
##.....aW##
#........#####
##......S.S..#######
##.....###o.......##
#..%#.o...........##
..#
#######............#
..
######............#
...###
#..S..............##


You could see a worker ant, empire's ghost, 2 orcs, a friendly adder and a
friendly ball python.

Vanquished Creatures
  The ghost of roguesci the Charmwright, an amateur DsSk (D:3)
  An ogre (D:4)
  An orc priest (D:4)
  An orc wizard (D:4)
  An ooze (D:4)
  An orc (D:4)
  A goblin (D:3)
  A hobgoblin (D:1)
  A quokka (D:4)
  2 bats
  2 frilled lizards
13 creatures vanquished.

Vanquished Creatures (collateral kills)
  A hobgoblin (D:3)
1 creature vanquished.

Grand Total: 14 creatures vanquished

Notes
Turn   | Place    | Note
-------+----------+-------------------------------------------
     0 | D:1      | tidbits the Demigod Transmuter began the quest for the Orb.
     0 | D:1      | Reached XP level 1. HP: 15/15 MP: 5/5
    96 | D:2      | Reached skill level 2 in Spellcasting
   149 | D:4      | Noticed an ogre
   154 | D:4      | Killed an ogre
   154 | D:4      | Reached skill level 3 in Transmutations
   154 | D:4      | Reached XP level 2. HP: 18/22 MP: 5/7
   154 | D:4      | Reached XP level 3. HP: 22/27 MP: 5/8
   154 | D:4      | Reached XP level 4. HP: 28/34 MP: 5/9
   158 | D:4      | Learned a level 2 spell: Sticks to Snakes
   162 | D:4      | Learned a level 3 spell: Spider Form
   191 | D:3      | Noticed roguesci's ghost (amateur DsSk)
   202 | D:3      | Killed roguesci's ghost
   202 | D:3      | Reached skill level 4 in Transmutations
   202 | D:3      | Reached XP level 5. HP: 39/39 MP: 1/10
   276 | D:4      | Reached skill level 1 in Fighting
   276 | D:4      | Reached skill level 2 in Dodging
   319 | D:4      | Noticed empire's ghost (amateur DsBe)
   337 | D:4      | HP: 4/41 [empire's ghost (7)]
   349 | D:4      | HP: 4/41 [orc (1)]
   389 | D:4      | HP: 2/41 [worker ant (3)]
   389 | D:4      | Slain by empire's ghost

Skill      XL: |  1  2  3  4  5 |
---------------+----------------+-----
Spellcasting   | 2 |  2.0
Transmutations | 3 4 |  4.8
Fighting       | 1 |  1.6
Dodging        | 2 |  2.2
Unarmed Combat | |  2.8

Action                   |  1- 3 |  4- 6 || total
-------------------------+-------+-------++-------
Melee: Short sword       |     8 |    33 ||    41
       Unarmed           |     7 |       ||     7
       Headbutt          |     4 |     3 ||     7
       Kick              |       |     5 ||     5
 Cast: Beastly Appendage |     4 |     4 ||     8
       Sticks to Snakes  |       |    11 ||    11
  Use: Potion            |     1 |     1 ||     2
 Stab: Sleeping          |     1 |     1 ||     2
Armor: Robe              |     4 |     4 ||     8
Dodge: Dodged            |     8 |    21 ||    29

Table legend:
 A = Turns spent in this place as a percentage of turns spent in the entire game.
 B = Non-inter-level travel turns spent in this place as a percentage of non-inter-level travel turns spent in the entire game.
 C = Inter-level travel turns spent in this place as a percentage of turns spent in this place.
 D = Turns resting spent in this place as a percentage of non-inter-level travel turns spent in this place.
 E = Turns spent auto-exploring this place as a percentage of non-inter-level travel turns spent in this place.
 F = Non-inter-level travel turns spent in this place divided by the number of levels of this place that you've seen.
                   A       B       C       D       E      F
               +-------+-------+-------+-------+-------+----------------------
         Total | 100.0 | 100.0 |   0.0 |   0.0 |   0.0 | 100.8
       Dungeon | 100.0 | 100.0 |   0.0 |   0.0 |   0.0 | 100.8
               +-------+-------+-------+-------+-------+----------------------

Table legend:
 A = Kills in this place as a percentage of kills in entire the game.
 B = Kills by you in this place as a percentage of kills by you in the entire game.
 C = Kills by friends in this place as a percentage of kills by friends in the entire game.
 D = Other kills in this place as a percentage of other kills in the entire game.
 E = Experience gained in this place as a percentage of experience gained in the entire game.
 F = Experience gained in this place divided by the number of levels of this place that you have seen.
                   A       B       C       D       E      F
               +-------+-------+-------+-------+-------+----------------------
         Total | 100.0 | 100.0 | 100.0 |  -nan | 100.0 |  84.2
       Dungeon | 100.0 | 100.0 | 100.0 |  -nan | 100.0 |  84.2
               +-------+-------+-------+-------+-------+----------------------

Vault maps used:
D:1:      sevenhm_arrival_forest_fort_large_2, minmay_liquid_box,
          kennysheep_decorative_pillar, st_stairs_10
D:2:      chequers_ecumenical_altar_simple_redux, first_bread
D:3:      nicolae_overflow_crystal_walls
D:4:      lemuel_round_altar, kennysheep_generic_room_3
